AoeStats
← MatzeAoE

Black Forest

506472071Analyzed
1v1 RM · 19d ago on Sep 13, 2026· 41m 57s· 2 players
Game mode
Random Map
Map size
Tiny (2 player)
Population
200
Speed
Normal
Resources
Standard
Victory
Conquest
Starting age
Dark Age
Ending age
Imperial Age
RankedLock teamsTeams togetherTeam positionsShared explorationLock speedFull tech treeHidden civsTurbo modeCheats
Victory
Defeat
🇳🇱 Bohemians · Netherlands
2576
+3
🇩🇪 Mongols · Germany
2209
-3
CNZS_98T
0:44 Loom
9:51 Feudal Age
10:20 Double-Bit Axe
10:15 Horse Collar
12:38 Town Watch
17:00 Castle Age
18:31 Bow Saw
18:44 Heavy Plow
20:25 Fervor
25:29 Wheelbarrow
28:09 Imperial Age
26:23 Ballistics
26:28 Hand Cart
26:43 Town Patrol
27:00 Fletching
28:35 Chemistry
27:13 Crossbowman
28:49 Sanctity
28:45 Fortified Wall
28:45 Bodkin Arrow
30:02 Two-Man Saw
29:37 Fortified Wall
29:40 Bracer
30:06 Conscription
30:24 Padded Archer Armor
30:54 Houfnice
32:42 Siege Engineers
32:02 Arbalester
33:59 Elite Skirmisher
36:38 Leather Archer Armor
37:09 Guilds
37:46 Wagenburg Tactics
37:48 Hussite Reforms
37:19 Sappers
38:00 Masonry
37:31 Treadmill Crane
37:47 Murder Holes
39:43 Ring Archer Armor
39:14 Scale Mail Armor
39:24 Forging
38:35 Pikeman
39:25 Halberdier
41:30 Chain Mail Armor
MatzeAoE
10:57 Feudal Age
11:29 Double-Bit Axe
15:43 Town Watch
19:44 Castle Age
17:59 Fishing Lines
20:53 Bow Saw
21:20 Gillnets
22:09 Wheelbarrow
21:41 Gold Mining
23:14 Gold Shaft Mining
22:30 Stone Mining
23:55 Hand Cart
26:53 Imperial Age
24:41 Fletching
26:04 Bodkin Arrow
26:11 Padded Archer Armor
28:08 Drill
27:09 Capped Ram
28:19 Bloodlines
28:10 Husbandry
28:12 Bracer
29:16 Chemistry
29:17 Conscription
29:24 Conscription
29:36 Siege Ram
29:56 Onager
31:23 Ballistics
31:09 Siege Engineers
31:24 Leather Archer Armor
31:56 Siege Ram
34:12 Thumb Ring
34:33 Parthian Tactics
39:13 Siege Onager
Connection lost

Rejoining the realm…

Still unreachable

The connection could not be restored.

Session expired

The server has moved on; the page needs a fresh start.